 Dungeon Crawl Stone Soup version 0.24.1 (webtiles) character file.

Game seed: 13781932210509081191, levelgen mode: deterministic

214 Peloso the Shield-Bearer (level 5, -7/46 HPs)
             Began as a Minotaur Fighter on Apr 7, 2020.
             Mangled by an orc warrior
             ... wielding a +0 flail
              (10 damage)
             ... on level 6 of the Dungeon.
             The game lasted 00:05:32 (2169 turns).

Peloso the Shield-Bearer (Minotaur Fighter)         Turns: 2169, Time: 00:05:33

Health: -7/46      AC:  9    Str: 20    XL:     5   Next: 59%
Magic:  4/4        EV:  6    Int:  5    God:
Gold:   88         SH: 10    Dex: 11    Spells: 4/4 levels left

rFire    . . .     SeeInvis .   a - +0 long sword
rCold    . . .     Gourm    .   c - +0 shield
rNeg     . . .     Faith    .   p - +0 chain mail
rPois    .         Spirit   .   (helmet restricted)
rElec    .         Reflect  .   (no cloak)
rCorr    +         Harm     .   (no gloves)
MR       .....     Rnd*Rage +   (no boots)
Stlth    ..........             (no amulet)
HPRegen  0.15/turn              o - ring of resist corrosion
MPRegen  0.09/turn              (no ring)

@: no status effects
A: retaliatory headbutt, beak, horns 2, berserk 1, MP-powered wands
a: no special abilities


You were on level 6 of the Dungeon.
You were very hungry.

You visited 1 branch of the dungeon, and saw 6 of its levels.

You collected 88 gold pieces.

Inventory:

Hand Weapons
 a - a +0 long sword (weapon)
Armour
 b - a +0 scale mail
 c - a +0 shield (worn)
 p - a +0 chain mail (worn)
Jewellery
 o - a ring of resist corrosion (left hand)
Wands
 j - a wand of polymorph (5)
Scrolls
 e - a scroll of teleportation {unknown}
 g - a scroll of magic mapping {unknown}
 h - 3 scrolls of identify {unknown}
 i - 2 scrolls of blinking {unknown}
 l - a scroll of fog {unknown}
 m - a scroll of remove curse {unknown}
 n - a scroll of enchant armour {unknown}
 q - a scroll of random uselessness {unknown}
Potions
 d - a potion of might
Comestibles
 f - 5 rations


   Skills:
 + Level 4.1 Fighting
 + Level 3.8 Long Blades
 + Level 4.7 Armour
 + Level 2.0 Dodging
 + Level 0.2 Stealth
 + Level 5.3 Shields


You had 4 spell levels left.
You didn't know any spells.
Your spell library was empty.

Dungeon Overview and Level Annotations

Branches:
Dungeon (6/15)
 Temple: D:4-7

Altars:
Fedhas
Wu Jian


Innate Abilities, Weirdness & Mutations

You reflexively headbutt those who attack you in melee.
You have a pair of horns on your head.
You have a beak for a mouth.
You tend to lose your temper in combat.
You expend magic power (3 MP) to strengthen your wands.


Message History

Your headbutt misses the worker ant.
The worker ant is almost dead.
The orc hits you but does no damage. You block the bullfrog zombie's attack.
The orc warrior hits you with a +0 flail!
The worker ant barely misses you. You furiously retaliate!
You headbutt the worker ant!
You kill the worker ant!
Your Dodging skill increases to level 2!
The orc wizard hits you but does no damage.
The bullfrog zombie hits you. You block the orc's attack.
The orc warrior hits you but does no damage.
The bullfrog zombie hits you but does no damage.
The orc wizard points at you and mumbles some strange words.
The puff of flame hits you!
* * * LOW HITPOINT WARNING * * *
Unknown command.
The orc hits you but does no damage. The bullfrog zombie barely misses you.
The orc warrior hits you with a +0 flail!
You die...

#############
............#
............#
..........).#
............#
............#
......Zo....#
......o@....#
.......o....#
............#
............# ###
............#....
..............#
#########<..#.#
#...#.# .......


You could see an orc warrior, an orc wizard, an orc and a bullfrog zombie.

Vanquished Creatures
  3 orc wizards
  A worker ant (D:6)
  2 adders (D:2)
  An adder skeleton (D:3)
  5 dart slugs
  A leopard gecko (D:1)
  6 orcs
  7 giant cockroaches
  3 goblins
  5 hobgoblins
  6 jackals
  A ball python (D:3)
  11 bats
  3 frilled lizards
  11 kobolds
  A quokka zombie (D:4)
  3 rats
70 creatures vanquished.

Notes
Turn   | Place    | Note
-------+----------+-------------------------------------------
     0 | D:1      | Peloso the Minotaur Fighter began the quest for the Orb.
     0 | D:1      | Reached XP level 1. HP: 19/19 MP: 0/0
   132 | D:1      | Reached XP level 2. HP: 27/27 MP: 1/1
   323 | D:1      | Reached skill level 4 in Shields
   749 | D:2      | Reached XP level 3. HP: 33/33 MP: 2/2
   776 | D:2      | Found an ornate altar of the Wu Jian Council.
  1122 | D:2      | Found a blossoming altar of Fedhas.
  1284 | D:2      | Reached XP level 4. HP: 38/40 MP: 3/3
  1752 | D:3      | Reached skill level 5 in Shields
  1839 | D:3      | Reached skill level 1 in Dodging
  1839 | D:3      | Reached XP level 5. HP: 15/46 MP: 4/4
  2073 | D:3      | Gained mutation: You have a beak for a mouth. [potion of
                  | mutation]
  2073 | D:3      | Gained mutation: You tend to lose your temper in combat.
                  | [potion of mutation]
  2073 | D:3      | Gained mutation: You expend magic power (3 MP) to
                  | strengthen your wands. [potion of mutation]
  2150 | D:5      | Entered Level 5 of the Dungeon
  2160 | D:6      | Noticed an orc warrior
  2169 | D:6      | Mangled by an orc warrior

Levels and vault maps discovered:
D:1:      arrival_zaba_pyramid, layout_basic
D:2:      layout_loops_corners, nicolae_overflow_crystal_walls, fedhas_altar_3
D:3:      layout_basic
D:4:      layout_layer_cave, first_ration
D:5:      layout_basic, lightli_ossuary_entry_decrepit_ruins,
          minmay_manual_moon, uniq_grinder, uniq_blork_the_orc
D:6:      layout_basic, minmay_temple_entry_slanted

Skill      XL: |  1  2  3  4  5 |
---------------+----------------+-----
Shields        | 4 5 |  5.3
Armour         | 4 |  4.7
Long Blades    | 3 |  3.8
Fighting       | 4 |  4.1
Dodging        | 1 2 |  2.0
Stealth        | |  0.2

Action                   |  1- 3 |  4- 6 || total
-------------------------+-------+-------++-------
Melee: Long sword        |    91 |    90 ||   181
       Headbutt          |    16 |    18 ||    34
       Peck              |       |     5 ||     5
  Use: Potion            |       |     3 ||     3
  Eat: Chunk             |     1 |     2 ||     3
Armor: Scale mail        |    57 |    38 ||    95
       Chain mail        |       |    21 ||    21
Dodge: Dodged            |    24 |    28 ||    52
Block: Shield            |    52 |    67 ||   119
       Rpst.: Long sword |     5 |     9 ||    14
